 Dungeon Crawl Stone Soup version 0.32-a0-450-g080537f31e (webtiles) character file.

Game seed: 15428759027896204452

10299 CougarLife the Geomancer (level 11, -22/54 HPs)
             Began as a Gargoyle Earth Elementalist on Feb 24, 2024.
             Was a Priest of Vehumet.
             Annihilated by a minotaur
             ... wielding a +0 antimagic long sword
              (26 damage)
             ... in a Gauntlet.
             The game lasted 00:16:48 (13022 turns).

CougarLife the Geomancer (GrEE)                    Turns: 13022, Time: 00:16:48

Health: -22/54     AC: 17    Str: 12    XL:     11   Next: 60%
Magic:  0/24       EV: 11    Int: 20    God:    Vehumet [***...]
Gold:   723        SH:  0    Dex: 15    Spells: 25/29 levels left

rFire   . . .        P - staff of earth
rCold   + + +        (no shield)
rNeg    + + +        N - +0 troll leather armour
rPois   ∞            h - +0 helmet
rElec   +            R - +2 cloak of Kikubaaqudgha's Envy {rN+ Dex+2}
rCorr   +            B - +0 pair of gloves of Stoicism {rC+ rN+ Dex+3}
SInv    .            b - +0 pair of boots
Will    .....        O - amulet of the acrobat
Stlth   ++           C - ring "Cet Lesm" {rC++ rCorr}
HPRegen 1.09/turn    (no ring)
MPRegen 0.19/turn

%: no teleportation, acrobat
@: mighty
A: sickness immunity, AC +8, negative energy resistance 1, electricity
resistance, torment resistance 1, petrification resistance
a: Renounce Religion


You were in a Gauntlet.
You worshipped Vehumet.
Vehumet was most pleased with you.
You visited 2 branches of the dungeon, and saw 12 of its levels.
You also visited: Sewer and Gauntlet.

You collected 941 gold pieces.
You spent 218 gold pieces at shops.

Inventory:

Missiles
 o - a throwing net
Armour
 b - a +0 pair of boots (worn)
 h - a +0 helmet (worn)
 B - the +0 pair of gloves of Stoicism (worn) {rC+ rN+ Dex+3}
   (You bought it in a shop on level 5 of the Dungeon)

   Dex+3:     It affects your dexterity (+3).
   rC+:       It protects you from cold.
   rN+:       It protects you from negative energy.
 N - a +0 troll leather armour (worn)
 R - the +2 cloak of Kikubaaqudgha's Envy (worn) {rN+ Dex+2}
   (You found it in a Gauntlet)

   Dex+2:     It affects your dexterity (+2).
   rN+:       It protects you from negative energy.
Magical Staves
 P - a staff of earth (weapon)
Jewellery
 C - the ring "Cet Lesm" (left hand) {rC++ rCorr}
   (You found it on level 6 of the Dungeon)

   [ring of resist corrosion]

   rC++:      It greatly protects you from cold.
   rCorr:     It protects you from acid and corrosion.
 O - an amulet of the acrobat (around neck)
Wands
 l - a wand of mindburst (26)
 u - a wand of flame (9)
 w - a wand of digging (5)
 G - a wand of charming (16)
 H - a wand of iceblast (14)
 J - a wand of quicksilver (13)
Scrolls
 c - 4 scrolls of vulnerability
 e - a scroll of brand weapon {unknown}
 f - 4 scrolls of teleportation
 j - 2 scrolls of fear
 n - a scroll of amnesia {unknown}
 p - 3 scrolls of revelation
 E - 2 scrolls of enchant weapon
 I - 2 scrolls of enchant armour {unknown}
 K - a scroll of poison {unknown}
 L - a scroll of torment {unknown}
 M - a scroll of immolation {unknown}
 Q - a scroll of fog {unknown}
Potions
 a - a potion of brilliance {unknown}
 d - a potion of ambrosia {unknown}
 g - 3 potions of mutation
 k - 3 potions of might
 m - 3 potions of cancellation {unknown}
 q - 5 potions of heal wounds {unknown}
 r - a potion of invisibility {unknown}
 s - 2 potions of lignification {unknown}
 t - 2 potions of attraction {unknown}
 v - 4 potions of curing {unknown}
 x - a potion of experience {unknown}
 z - a potion of enlightenment {unknown}
 A - a potion of degeneration {unknown}
 D - 5 potions of haste {unknown}
 F - a potion of resistance {unknown}


   Skills:
 - Level 1.5 Dodging
 - Level 2.1 Stealth
 + Level 9.9 Spellcasting
 + Level 11.3 Conjurations
 + Level 12.8 Earth Magic


You had 25 spell levels left.
You knew the following spells:

 Your Spells              Type           Power      Damage    Failure   Level
a - Sandblast             Erth           100%       2d20      1%          1
b - Stone Arrow           Conj/Erth      100%       3d13      1%          3

Your spell library contained the following spells:

 Spells                   Type           Power      Damage    Failure   Level
 Airstrike                Air            4%         2d(1-17)  22%         4
 Sting                    Conj/Alch      100%       1d9       1%          1
 Passwall                 Erth           75%        N/A       1%          3
 Brom's Barrelling Bould  Conj/Erth      72%        2d9       1%          4
 Fulminant Prism          Conj/Alch      16%        3d11      2%          4
 Iskenderun's Mystic Bla  Conj/Tloc      32%        2d8       2%          4
 Mercury Vapours          Alch/Air       18%        N/A       4%          2
 Petrify                  Alch/Erth      52%        N/A       6%          4
 Volatile Blastmotes      Fire/Tloc      18%        2d11      7%          3
 Ensorcelled Hibernation  Hex/Ice        18%        N/A       14%         2
 Olgreb's Toxic Radiance  Alch           9%         N/A       22%         4
 Swiftness                Air            9%         N/A       26%         3


Dungeon Overview and Level Annotations

Branches:
Dungeon (11/15)            Temple (1/1) D:4            Lair (0/5) D:11
    Orc (0/2) D:11          Sewer (visited)         Gauntlet (1/1)

Altars:
Ashenzari
Cheibriados
Dithmenos
Elyvilon
Fedhas
Gozag
Hepliaklqana
Kikubaaqudgha
Makhleb
Nemelex Xobeh
Okawaru
Qazlal
Ru
Sif Muna
Trog
Uskayaw
Vehumet
Wu Jian
Xom
Yredelemnul
Zin
The Shining One
Beogh

Shops:
D:5 [

Portals:
Trove: D:11 (show abyssal rune of Zot)

Annotations:
Gauntlet 12 transporters, exclusion: lightning spire


Innate Abilities, Weirdness & Mutations

You are immune to sickness and miasma.
Your stone body is resilient. (AC +8)
You are immune to poison.
You resist negative energy. (rN+)
You are resistant to electric shocks. (rElec)
You are resistant to unholy torment.
You are immune to petrification.


Message History

Casting: Stone Arrow (safe; 1% risk of failure)
Confirm with . or Enter, or press ? or * to list all spells.
Aiming: Stone Arrow (safe; 1% risk of failure)
Press: ? - help, Shift-Dir - straight line, f/p - minotaur
Aim: a minotaur, wielding a +0 antimagic long sword, wearing the +5 leather armour of the Inquisitive Things {Str+2} and quivering silver javelins (moderately wounded, 81% to hit)
You feel a surge of power!
The stone arrow hits the minotaur!
The minotaur is heavily wounded.
The minotaur hits you with a +0 antimagic long sword!
You feel your power leaking away.
The minotaur gores you but does no damage.
Casting: Stone Arrow (safe; 1% risk of failure)
Confirm with . or Enter, or press ? or * to list all spells.
You don't have enough magic to cast this spell.
Unknown command.
Casting: Stone Arrow (safe; 1% risk of failure)
Confirm with . or Enter, or press ? or * to list all spells.
You don't have enough magic to cast this spell.
Unknown command.
Casting: Stone Arrow (safe; 1% risk of failure)
Confirm with . or Enter, or press ? or * to list all spells.
Aiming: Sandblast (safe; 1% risk of failure)
Press: ? - help, Shift-Dir - straight line, f/p - minotaur
Aim: a minotaur, wielding a +0 antimagic long sword, wearing the +5 leather armour of the Inquisitive Things {Str+2} and quivering silver javelins (moderately wounded, 87% to hit)
Okay, then.
You feel very mighty all of a sudden.
The minotaur hits you with a +0 antimagic long sword!
* * * LOW HITPOINT WARNING * * *
You feel your power leaking away.
The minotaur gores you but does no damage.
You completely miss the minotaur.
The minotaur furiously retaliates!
The minotaur headbutts you, but does no damage.
The minotaur is moderately wounded.
The minotaur hits you with a +0 antimagic long sword!
* * * LOW HITPOINT WARNING * * *
The minotaur gores you.
* * * LOW HITPOINT WARNING * * *
You closely miss the minotaur.
The minotaur is moderately wounded.
The minotaur hits you with a +0 antimagic long sword!!
You die...

#### #..# #.@#
##.#H......
#..#.##.##.
#.##.# #.# .#
#.# ## #.# #.#
#.###########.#


You could see a minotaur.

Vanquished Creatures
  A ghost crab (Gauntlet)
  Sonja (D:11)
  Maurice (D:10)
  A queen bee (Gauntlet)
  2 trolls
  A hornet (D:10)
  Prince Ribbit (D:9)
  Sigmund (D:6)
  10 yaks
  3 wyverns
  A steam dragon (D:4)
  2 humans (D:8)
  6 vampire mosquitoes
  2 swamp worms (Gauntlet)
  An acid dragon (D:9)
  A water moccasin (D:8)
  7 orc warriors
  4 ice beasts
  A sky beast (D:8)
  4 black bears
  An ogre (D:4)
  A centaur (D:6)
  A phantom (D:6)
  A kobold brigand (Sewer)
  2 bullfrogs
  3 scorpions
  3 wights (D:9)
  8 killer bees
  4 howler monkeys
  5 hounds
  A bombardier beetle (D:5)
  7 orc priests
  Crazy Yiuf (D:5)
  A jelly (D:5)
  A gnoll bouda (D:5)
  3 iguanas
  4 sleepcaps
  15 orc wizards
  5 gnolls (D:5)
  9 adders
  2 white imps (D:7)
  An ufetubus (D:6)
  3 dart slugs
  3 ribbon worms
  57 orcs
  8 ball pythons
  9 bats
  8 endoplasms
  4 giant cockroaches
  5 goblins
  8 hobgoblins
  4 jackals (D:3)
  15 kobolds
  6 quokkas
  4 frilled lizards
  9 rats
273 creatures vanquished.

Vanquished Creatures (others)
  An orc warrior (D:6)
  2 hounds (D:6)
  An orc (D:6)
4 creatures vanquished.

Grand Total: 277 creatures vanquished

Notes
Turn   | Place    | Note
-------+----------+-------------------------------------------
     0 | D:1      | CougarLife the Gargoyle Earth Elementalist began the quest
                  | for the Orb.
     0 | D:1      | Reached XP level 1. HP: 10/10 MP: 3/3
   105 | D:1      | Reached XP level 2. HP: 15/15 MP: 1/5
   270 | D:1      | Found a faded altar of an unknown god.
   324 | D:1      | Reached skill level 4 in Earth Magic
   658 | D:1      | Reached XP level 3. HP: 19/19 MP: 3/6
  2237 | D:3      | Reached XP level 4. HP: 24/24 MP: 5/8
  2266 | D:3      | You fall into a shaft and drop 3 floors!
  2273 | D:6      | Learned a level 3 spell: Stone Arrow
  2275 | D:6      | Noticed Sigmund
  2296 | D:6      | Killed Sigmund
  2297 | D:6      | Reached skill level 5 in Earth Magic
  2297 | D:6      | Reached XP level 5. HP: 21/28 MP: 1/10
  2340 | D:6      | Reached XP level 6. HP: 32/32 MP: 4/11
  2495 | D:6      | Found a stormy altar of Qazlal.
  2576 | D:5      | Entered Level 5 of the Dungeon
  2584 | D:5      | Found an opulent altar of Gozag.
  2866 | D:5      | Reached skill level 6 in Earth Magic
  2932 | D:4      | Reached XP level 7. HP: 36/36 MP: 5/13
  2932 | D:4      | Noticed a steam dragon
  3154 | D:4      | Killed a steam dragon
  3155 | D:4      | Reached skill level 5 in Conjurations
  3164 | D:4      | Found a glowing drain.
  3177 | Sewer    | Entered a sewer
  3764 | D:3      | Found a broken altar of Ashenzari.
  4101 | D:3      | Reached skill level 5 in Spellcasting
  4219 | D:3      | Reached skill level 7 in Earth Magic
  4219 | D:3      | Reached XP level 8. HP: 41/41 MP: 12/15
  4925 | D:4      | Found a staircase to the Ecumenical Temple.
  5073 | Temple   | Entered the Ecumenical Temple
  5104 | Temple   | Became a worshipper of Vehumet
  5145 | D:4      | Found a burning altar of Makhleb.
  5772 | D:5      | Identified the +3 dagger of Raddavy {freeze, rElec rN+
                  | Str+2 Dex-4}
  5837 | D:5      | Found a sparkling altar of Nemelex Xobeh.
  5938 | D:5      | Found a sacrificial altar of Ru.
  5957 | D:5      | Found Iduow's Antique Armour Shop.
  6177 | D:5      | Found a runed translucent door.
  6178 | D:5      | Noticed Crazy Yiuf
  6247 | D:5      | Killed Crazy Yiuf
  6248 | D:5      | Reached skill level 8 in Earth Magic
  6430 | D:5      | Bought a pair of pitted gloves for 218 gold pieces
  6430 | D:5      | Identified the +0 pair of gloves of Stoicism {rC+ rN+
                  | Dex+3} (You bought it in a shop on level 5 of the Dungeon)
  6623 | D:6      | Identified the ring "Cet Lesm" {rC++ rCorr}
  6828 | D:6      | Found a shimmering blue altar of Sif Muna.
  6836 | D:6      | Found a shimmering altar of Xom.
  6839 | D:6      | Reached XP level 9. HP: 37/45 MP: 14/18
  6937 | D:6      | Reached * piety under Vehumet
  6937 | D:6      | Offered knowledge of Kiss of Death by Vehumet.
  7098 | D:6      | Found a blossoming altar of Fedhas.
  7313 | D:7      | Reached skill level 9 in Earth Magic
  7832 | D:7      | Offered knowledge of Static Discharge by Vehumet.
  8709 | D:8      | Found a snail-covered altar of Cheibriados.
  8957 | D:8      | Found a basalt altar of Yredelemnul.
  8988 | D:8      | Reached skill level 10 in Earth Magic
  9083 | D:8      | Found an iron altar of Okawaru.
  9116 | D:8      | Reached XP level 10. HP: 42/50 MP: 15/21
  9118 | D:8      | Reached ** piety under Vehumet
  9236 | D:8      | Found a white marble altar of Elyvilon.
  9287 | D:8      | Found a glowing silver altar of Zin.
  9287 | D:8      | Noticed an angel
 10170 | D:9      | Noticed Prince Ribbit
 10173 | D:9      | Killed Prince Ribbit
 10410 | D:10     | Entered Level 10 of the Dungeon
 10464 | D:10     | Reached skill level 11 in Earth Magic
 10823 | D:10     | Reached skill level 10 in Conjurations
 10904 | D:10     | Offered knowledge of Mephitic Cloud by Vehumet.
 11001 | D:10     | Identified the +1 robe "Hipn" {Stlth+}
 11111 | D:10     | Noticed Maurice
 11118 | D:10     | Killed Maurice
 11118 | D:10     | Reached *** piety under Vehumet
 11119 | D:10     | Reached XP level 11. HP: 54/54 MP: 11/24
 11370 | D:10     | Reached skill level 12 in Earth Magic
 11463 | D:10     | Found a roughly hewn altar of Beogh.
 11466 | D:10     | Offered knowledge of Airstrike by Vehumet.
 11794 | D:11     | Found a portal to a secret trove of treasure.
 11851 | D:11     | Noticed Sonja
 11859 | D:11     | Killed Sonja
 11860 | D:11     | Found a gate leading to a gauntlet.
 11870 | Gauntlet | Entered a Gauntlet
 11870 | Gauntlet | Found a transporter.
 11947 | Gauntlet | Found a transporter.
 11962 | Gauntlet | Found a transporter.
 11967 | Gauntlet | Found a transporter.
 11985 | Gauntlet | Noticed a ghost crab
 11988 | Gauntlet | Found a transporter.
 12001 | Gauntlet | Found a transporter.
 12012 | Gauntlet | Noticed an occultist
 12013 | Gauntlet | Found a transporter.
 12013 | Gauntlet | Noticed an occultist
 12025 | Gauntlet | Found a transporter.
 12025 | Gauntlet | Noticed a hell hog
 12037 | Gauntlet | Found a transporter.
 12049 | Gauntlet | Found a transporter.
 12049 | Gauntlet | Noticed a lightning spire
 12066 | Gauntlet | Found a transporter.
 12084 | Gauntlet | Found a transporter.
 12086 | Gauntlet | Found a transporter.
 12131 | Gauntlet | Found a transporter.
 12131 | Gauntlet | Found a transporter.
 12209 | Gauntlet | Found a transporter.
 12229 | Gauntlet | Found a transporter.
 12241 | Gauntlet | Noticed a death drake
 12251 | Gauntlet | Found a transporter.
 12705 | Gauntlet | Noticed a spectral bunyip
 12711 | Gauntlet | Killed a ghost crab
 12831 | Gauntlet | Identified the +2 cloak of Kikubaaqudgha's Envy {rN+ Dex+2}
 13015 | Gauntlet | Identified the +5 leather armour of the Inquisitive Things
                  | {Str+2}
 13015 | Gauntlet | Noticed a minotaur
 13021 | Gauntlet | HP: 2/54 [minotaur/+0 antimagic long sword (2)]
 13022 | Gauntlet | Annihilated by a minotaur

Illustrated notes

Levels and vault maps discovered:
D:1:      wander_arrival_fairy_ring, layout_basic,
          shapermc_ecumenical_altar_venn
D:2:      layout_basic
D:3:      layout_basic, ashenzari_altar_1
D:4:      layout_basic, bloody_makhleb, minmay_temple_entry_large_hall,
          serial_corexii_hall, chequers_hall_statues_wall_a,
          corexii_hall_statues_i, corexii_hall_statues_t,
          corexii_hall_statues_deadend, portal_sewer_entry_f, wad_orctagon
D:5:      layout_loops_ring, nicolae_ru_awakened_eye, kennysheep_mini_moat,
          mainiacjoe_overflow_surrounded_room, serial_shops,
          nicolae_shop_waterfront, uniq_crazy_yiuf_cottage
D:6:      layout_rooms, xom_confusion_cloud, general_overflow_altar,
          fedhas_altar_fruit_tree, mainiacjoe_overflow_24_doors, uniq_sigmund
D:7:      layout_layer_cave, roderic_lattice_a, st_stairs_10,
          kennysheep_generic_room_9
D:8:      layout_rooms, okawaru_humans, zin_angel, kennysheep_ying_yang,
          cheibriados_altar_1
D:9:      layout_cave_pools, minmay_misc_feat_nine_boxes, uniq_prince_ribbit1
D:10:     layout_roguey [special_room_orc], st_stairs_4, uniq_maurice
D:11:     layout_big_octagon, minmay_lair_entry_grove, gauntlet_entry_generic,
          nicolae_trove_entry_free_sample, uniq_sonja
Temple:   hellmonk_temple_beads
Gauntlet: gammafunk_gauntlet_one_two_three [gammafunk_gauntlet_arena_teeth,
          nicolae_gauntlet_arena_grate_2,
          gammafunk_gauntlet_arena_split_diamond,
          gammafunk_gauntlet_arena_split_x, nicolae_gauntlet_swirl,
          nicolae_gauntlet_arena_x, gammafunk_gauntlet_arena_grid,
          nicolae_gauntlet_arena_quarters, nicolae_gauntlet_arena_blocks,
          dreamdust_gauntlet_exit_labyrinth]

Skill      XL: |  1  2  3  4  5  6  7  8  9 10 11 |
---------------+----------------------------------+-----
Earth Magic    | 4 5 6 7 8 10 11 12 | 12.8
Conjurations   | 2 3 4 5 7 8 10 11 | 11.3
Spellcasting   | 3 4 5 6 7 9 |  9.9
Dodging        | |  1.5
Stealth        | |  2.1

Action                     |  1- 3 |  4- 6 |  7- 9 | 10-12 || total
---------------------------+-------+-------+-------+-------++-------
  Melee: Unarmed           |     6 |       |       |       ||     6
         Rapier            |     7 |       |       |       ||     7
         Dagger            |     5 |     3 |    26 |    14 ||    48
         Staff             |       |       |       |     2 ||     2
   Cast: Sandblast         |    51 |    34 |   197 |    79 ||   361
         Stone Arrow       |       |     2 |    23 |   118 ||   143
    Use: Scroll            |       |       |       |     8 ||     8
         Potion            |       |       |       |     2 ||     2
 Armour: Robe              |    24 |    15 |   138 |     5 ||   182
         Troll leather arm |       |       |       |   152 ||   152
  Dodge: Dodged            |    24 |    12 |   108 |    95 ||   239

Table legend: (Time is in decaauts)
 A = Elapsed time spent in this place.
 B = Non-inter-level travel time spent in this place.
 C = Inter-level travel time spent in this place.
 D = Time resting spent in this place.
 E = Time spent auto-exploring this place.
 F = Levels seen in this place.
 G = Mean time per level.
                   A        B        C        D        E       F      G
               +--------+--------+--------+--------+--------+-----+--------+
         Total |  13211 |  12590 |    621 |   2970 |   7292 |  14 |  943.6 |
       Dungeon |  11426 |  10865 |    561 |   2239 |   6724 |  11 | 1038.7 |
        Temple |     65 |      5 |     60 |      0 |      0 |   1 |   65.0 |
         Sewer |    564 |    564 |      0 |    184 |    274 |   1 |  564.0 |
      Gauntlet |   1155 |   1155 |      0 |    547 |    294 |   1 | 1155.0 |
               +--------+--------+--------+--------+--------+-----+--------+

Top non-repeatable levels by time:
     D:5: 1463 daAuts
     D:7: 1394 daAuts
     D:9: 1312 daAuts
     D:1: 1288 daAuts
Gauntlet: 1155 daAuts
    D:10: 1148 daAuts
     D:6: 1130 daAuts
     D:3: 1093 daAuts
     D:2: 909 daAuts
     D:4: 904 daAuts
     D:8: 647 daAuts
   Sewer: 564 daAuts
    D:11: 132 daAuts
  Temple: 65 daAuts
